Map: Para Site LE

Players

goblin

  • Race: Protoss Protoss
  • League: Grandmaster
  • Spawn Location: 11:00

Lambo - Winner!

  • Race: Zerg Zerg
  • League: Grandmaster
  • Spawn Location: 5:00

VOD

Have the link to the VOD?

Description

Time

  • Played on: Jan. 10, 2019, 4:15 p.m.
  • Length: 10:11
Show
View Real Time Build Order
Export as new Build Order

goblin Protoss 

Build Orders:  

Get SALT Encoding   

  12  0:00  Probe  
  13  0:13  Probe  
  14  0:19  Pylon  
  14  0:24  Probe  
  15  0:33  Probe  
  15  0:38  Gateway  
  15  0:41  Probe  
  16  0:47  Assimilator  
  17  0:51  Probe  
  18  1:03  Probe  
  19  1:09  Forge  
  19  1:16  Probe  
  20  1:30  Pylon  
  20  1:40  Pylon  
  20  1:41  Pylon  
  20  1:48  Photon Cannon  
  20  1:53  Photon Cannon  
  20  1:57  Pylon  
  20  2:05  Nexus  
  20  2:10  Cybernetics Core  
  20  2:12  Probe  
  21  2:21  Zealot, Assimilator  
  23  2:24  Probe  
  24  2:35  Probe  
  24  2:36  Pylon  
  25  2:39  Adept  
  25  2:43  Probe  
  28  2:52  Stargate  
  28  2:53  Probe  
  29  3:06  Adept  
  29  3:11  Probe  
  29  3:12  Warp Gate  
  32  3:18  Probe  
  32  3:19  Probe  
  32  3:26  Probe  
  34  3:27  Probe  
  36  3:36  Probe  
  36  3:37  Void Ray  
  36  3:41  Probe  
  41  3:48  Probe  
  41  3:51  Assimilator  
  41  3:53  Probe  
  41  3:54  Assimilator  
  42  4:00  Probe  
  43  4:05  Probe  
  43  4:06  Pylon  
  43  4:09  Pylon  
  44  4:12  Probe  
  44  4:14  Void Ray  
  45  4:27  Stargate  
  45  4:29  Probe  
  49  4:33  Probe  
  51  4:38  Probe  
  51  4:45  Probe  
  53  4:47  Pylon  
  53  4:48  Probe  
  54  4:57  Probe, Phoenix  
  57  5:01  Probe  
  57  5:06  Phoenix  
  58  5:10  Twilight Council  
  58  5:13  Phoenix  
  60  5:22  Protoss Air Weapons Level 1  
  60  5:27  Probe x2, Adept, Phoenix  
  66  5:31  Pylon  
  68  5:39  Phoenix  
  70  5:44  Nexus  
  70  5:46  Pylon  
  70  5:50  Resonating Glaives  
  70  5:55  Phoenix  
  52  6:04  Phoenix  
  72  6:05  Adept  
  76  6:11  Pylon  
  76  6:14  Shield Battery  
  76  6:17  Gateway  
  76  6:19  Gateway  
  71  6:37  Gateway x2  
  71  6:38  Robotics Facility  
  71  6:39  Gateway, Phoenix x2  
  75  6:43  Pylon  
  75  6:55  Gateway  
  75  6:56  Gateway  
  75  7:10  Probe, Pylon  
  75  7:11  Probe  
  77  7:18  Warp Prism  
  76  7:23  Adept  
  76  7:24  Adept x2  
  76  7:27  Gateway, Pylon  
  84  7:35  Pylon  
  84  7:49  Adept x4  
  84  7:50  Adept x2  
  95  8:02  Pylon  
  95  8:03  Pylon x2  
  95  8:22  Adept x4  
  95  8:23  Adept x5  
  106  8:45  Adept x6  
  84  8:59  Adept x3  
  88  9:14  Adept x4  
  88  9:15  Adept  
  90  9:29  Adept x3  
  66  10:02  Adept x4  
  66  10:03  Adept x4  
Show
View Real Time Build Order
Export as new Build Order

Lambo Zerg - Winner!

Build Orders: Hatch First 

Get SALT Encoding   

  12  0:00  Drone  
  13  0:14  Overlord  
  13  0:17  Drone  
  14  0:32  Drone x2  
  16  0:49  Hatchery  
  15  0:52  Drone  
  15  0:54  Drone  
  17  0:58  Drone  
  18  1:08  Extractor  
  17  1:13  Spawning Pool  
  17  1:16  Drone  
  17  1:19  Drone  
  18  1:33  Drone  
  19  1:40  Drone  
  20  1:57  Drone  
  22  2:04  Hatchery  
  22  2:08  Queen, Extractor  
  21  2:09  Spore Crawler, Zergling x2  
  24  2:16  Metabolic Boost  
  24  2:23  Overlord  
  24  2:44  Queen  
  26  2:52  Zergling x6  
  29  3:09  Drone  
  30  3:13  Hatchery  
  30  3:15  Drone  
  30  3:16  Drone  
  30  3:18  Drone x2  
  30  3:19  Drone  
  33  3:20  Queen  
  34  3:30  Evolution Chamber  
  34  3:32  Overlord  
  33  3:35  Drone  
  33  3:38  Drone  
  34  3:41  Drone  
  34  3:48  Drone  
  35  3:53  Drone  
  36  3:56  Drone  
  36  3:58  Drone x2  
  36  4:01  Drone  
  36  4:02  Queen  
  42  4:03  Zerg Melee Weapons Level 1  
  42  4:04  Drone  
  43  4:14  Overlord  
  43  4:20  Overlord  
  43  4:25  Overlord  
  43  4:32  Overlord, Queen  
  43  4:35  Overlord, Drone x2  
  43  4:36  Zergling x4  
  43  4:38  Drone x2  
  51  4:42  Lair  
  51  4:46  Drone x2  
  51  4:47  Drone  
  51  4:48  Drone  
  55  4:54  Drone x2  
  55  4:57  Spore Crawler  
  55  4:58  Drone x2  
  58  5:00  Drone x2  
  58  5:02  Drone  
  58  5:06  Queen  
  63  5:09  Overlord  
  63  5:13  Drone x2  
  65  5:16  Overlord  
  65  5:17  Drone  
  66  5:23  Drone x4  
  66  5:27  Drone  
  71  5:29  Extractor  
  71  5:30  Spore Crawler, Drone  
  71  5:31  Extractor  
  71  5:32  Spore Crawler  
  71  5:34  Drone  
  71  5:35  Evolution Chamber  
  68  5:39  Zergling x8  
  72  5:44  Zergling x4  
  72  5:45  Zergling x2  
  72  5:46  Zergling x8  
  79  5:50  Zergling x4  
  81  5:58  Queen  
  81  5:59  Drone  
  84  6:04  Overlord  
  84  6:06  Drone  
  84  6:08  Spore Crawler, Zerg Missile Weapons Level 1  
  84  6:09  Drone  
  84  6:10  Hydralisk Den  
  84  6:11  Drone x3  
  87  6:13  Drone x2  
  87  6:17  Overlord, Extractor x2  
  87  6:19  Drone x2  
  87  6:25  Spore Crawler  
  86  6:29  Queen, Spore Crawler  
  86  6:30  Spore Crawler  
  83  6:34  Spore Crawler  
  83  6:35  Drone x2  
  83  6:37  Spore Crawler  
  83  6:40  Overlord  
  83  6:42  Spore Crawler  
  83  6:44  Spore Crawler x2  
  83  6:46  Drone x2  
  82  6:49  Drone x2  
  82  6:50  Drone  
  82  6:51  Zergling x2  
  82  6:53  Grooved Spines  
  86  6:57  Drone x3  
  89  7:04  Drone  
  89  7:05  Drone  
  91  7:09  Overlord  
  91  7:12  Zerg Ground Armor Level 1  
  91  7:13  Overlord, Infestation Pit  
  91  7:14  Extractor, Zergling x2  
  91  7:15  Zergling x4  
  92  7:16  Drone  
  92  7:19  Overlord  
  92  7:21  Drone x3  
  92  7:22  Drone  
  95  7:28  Drone x2  
  95  7:29  Queen  
  97  7:37  Drone x2  
  97  7:38  Drone  
  99  7:45  Zergling x8  
  101  7:56  Pathogen Glands  
  100  7:59  Spore Crawler  
  100  8:00  Queen x2  
  102  8:07  Hydralisk x9  
  102  8:12  Hydralisk  
  120  8:16  Muscular Augments  
  120  8:17  Hydralisk  
  120  8:18  Hydralisk  
  125  8:20  Hydralisk  
  125  8:24  Zergling x6  
  125  8:26  Hydralisk  
  130  8:28  Infestor  
  130  8:32  Hydralisk  
  134  8:40  Hydralisk x4  
  128  8:45  Hydralisk  
  128  8:46  Zergling x6  
  121  8:49  Hydralisk x2  
  121  8:50  Zergling x2  
  121  8:52  Zergling x4  
  117  9:01  Hydralisk x3  
  107  9:12  Zergling x2  
  107  9:13  Zergling x2  
  107  9:16  Baneling Nest  
  103  9:17  Hydralisk  
  100  9:28  Hydralisk, Zergling x2  
  100  9:29  Zergling x2  
  102  9:36  Zergling x4  
  102  9:42  Zergling x6  
  104  9:48  Zergling x8  
  98  9:52  Zergling x2  
  98  9:53  Zergling x2  
Tags
 
Add a new tag
Caveats
  • Supply blocks, unpowered buildings, or Contaminate may cause inaccurate times.
  • Supply counts are checked every 10 seconds.